 Dungeon Crawl Stone Soup version 0.31-a0-986-g5e6e4ef867 (webtiles) character file.

Game seed: 12982428145193613468

563373 Pooter the Executioner (level 25, -8/244 HPs)
             Began as a Minotaur Berserker on Nov 6, 2023.
             Was a High Priest of Trog.
             Mangled by an emperor scorpion (16 damage)
             ... summoned by a royal mummy
             ... on level 6 of a ziggurat on Nov 9, 2023.
             The game lasted 06:52:18 (105120 turns).

Pooter the Executioner (Minotaur Berserker)       Turns: 105120, Time: 06:52:19

Health: -8/244     AC: 42    Str: 34      XL:     25   Next: 91%
Magic:  22/22      EV: 15    Int:  5 (6)  God:    Trog [*****.]
Gold:   2140       SH:  5    Dex: 12      Spells: 24/24 levels left

rFire   + + +        a - +9 executioner's axe (heavy)
rCold   + . .        (shield currently unavailable)
rNeg    + + +        i - +5 plate armour "Qypofaoki" {rF++}
rPois   +            l - +1 hat
rElec   +            M - +1 cloak {Will+}
rCorr   .            F - +4 pair of gloves of Niawnus {rPois rC+}
SInv    +            v - +2 pair of boots "Tafunn" {rF+ rC+ Will- Str+6}
Will    +++..        q - amulet of reflection Stlth
                     m - ring "Syoleno" {rElec rN+++ AC+4 Int-2 SInv}
HPRegen 1.60/turn    V - ring "Fenufaz" {rC- rN+ Slay+4}
MPRegen 0.18/turn

%: reflection
@: lethally poisoned (-8 -> -9), strong-willed, on berserk cooldown,
regenerating, slowed, very slow
A: horns 2, retaliatory headbutt, mutation resistance 1
}: 2/15 runes: barnacled, gossamer
a: Renounce Religion, Berserk, Trog's Hand, Brothers in Arms


You were on level 6 of a ziggurat.
You worshipped Trog.
Trog was extremely pleased with you.
You visited 11 branches of the dungeon, and saw 44 of its levels.
You visited the Abyss 1 time.
You visited 1 ziggurat, and saw 6 of its levels.
You also visited: Wizlab.

You collected 6959 gold pieces.
You spent 4819 gold pieces at shops.

Inventory:

Hand Weapons
 a - a +9 heavy executioner's axe (weapon)
   (Trog gifted it to you on level 2 of the Crypt)
 b - the +8 arbalest of Cowardice {penet, rN++ Stlth+}
   (You bought it in a shop on level 7 of the Dungeon)

   rN++:      It greatly protects you from negative energy.
   Stlth+:    It makes you more stealthy.
 B - the +8 battleaxe of Homirycry {antimagic, rElec rF+ rC-}
   (Trog gifted it to you on level 4 of the Vaults)

   rF+:       It protects you from fire.
   rC-:       It makes you vulnerable to cold.
   rElec:     It insulates you from electricity.
 L - a +5 antimagic executioner's axe
   (Trog gifted it to you on level 3 of the Vaults)
Missiles
 e - 14 javelins
 o - 39 boomerangs (quivered)
 T - 4 silver javelins
 U - 19 curare-tipped darts
Armour
 i - the +5 plate armour "Qypofaoki" (worn) {rF++}
   (You found it on level 1 of the Elven Halls)

   rF++:      It greatly protects you from fire.
 l - a +1 hat (worn)
   (You found it on level 14 of the Dungeon)
 v - the +2 pair of boots "Tafunn" (worn) {rF+ rC+ Will- Str+6}
   (You found it on level 4 of the Spider Nest)

   Str+6:     It affects your strength (+6).
   rF+:       It protects you from fire.
   rC+:       It protects you from cold.
   Will-:     It decreases your willpower.
 F - the +4 pair of gloves of Niawnus (worn) {rPois rC+}
   (You bought it in a shop on level 7 of the Dungeon)

   rC+:       It protects you from cold.
   rPois:     It protects you from poison
 M - a +1 cloak of willpower (worn)
   (You bought it in a shop on level 7 of the Dungeon)
Jewellery
 m - the ring "Syoleno" (left hand) {rElec rN+++ AC+4 Int-2 SInv}
   (You took it off a deep elf demonologist on level 3 of the Elven Halls)

   [ring of protection]

   AC+4:      It affects your AC (+4).
   Int-2:     It affects your intelligence (-2).
   rElec:     It insulates you from electricity.
   rN+++:     It renders you almost immune to negative energy.
   SInv:      It lets you see invisible.
 q - an amulet of reflection (around neck)
   (You bought it in a shop on level 2 of the Orcish Mines)
 r - an amulet of regeneration
   (You found it on level 10 of the Dungeon)
 y - a ring of flight
   (You took it off an orc on level 5 of the Dungeon)
 N - a ring of positive energy
   (You found it on level 9 of the Dungeon)
 O - a ring of willpower
   (You found it on level 3 of the Crypt)
 S - the ring of Gikos {rPois MP+9 Int+2 Dex+4 SInv}
   (You took it off a merfolk siren on level 4 of the Shoals)

   [ring of magical power]

   Int+2:     It affects your intelligence (+2).
   Dex+4:     It affects your dexterity (+4).
   rPois:     It protects you from poison MP+9: It affects your magic capacity
   (+9).
   SInv:      It lets you see invisible.
 V - the ring "Fenufaz" (right hand) {rC- rN+ Slay+4}
   (You took it off a skeletal warrior on level 3 of the Crypt)

   [ring of positive energy]

   Slay+4:    It affects your accuracy & damage with ranged weapons and melee
   (+4).
   rC-:       It makes you vulnerable to cold.
   rN+:       It protects you from negative energy.
 Z - the dreamshard necklace {Acrobat *Dream}
   (You took it off a deep elf zephyrmancer on level 3 of the Elven Halls)

   [amulet of the acrobat]

   *Dream:    It absorbs a single lethal wound into itself, holding its wearer
   just short of death and releasing dream-creatures to guard them.
   Acrobat:   It increases your evasion while moving and waiting.
Wands
 f - a wand of flame (109)
   (You took it off Crazy Yiuf on level 4 of the Dungeon)
 u - a wand of paralysis (12)
   (You found it on level 2 of the Shoals)
 x - a wand of acid (30)
   (You found it on level 4 of the Lair of Beasts)
 C - a wand of roots (31)
   (You found it on level 3 of the Shoals)
 D - a wand of digging (12)
   (You bought it in a shop on level 4 of the Vaults)
 H - a wand of mindburst (15)
   (You found it on level 7 of the Dungeon)
 I - a wand of polymorph (32)
   (You took it off Jeremiah on level 7 of the Dungeon)
Scrolls
 c - 4 scrolls of silence
 k - 4 scrolls of fog
 p - 3 scrolls of revelation
 s - 2 scrolls of fear
 t - 15 scrolls of teleportation {@r4}
 A - 2 scrolls of summoning
 K - 9 scrolls of immolation {!r}
 P - a scroll of blinking
 Y - 4 scrolls of poison
Potions
 d - 6 potions of attraction {!q}
 g - 8 potions of mutation {!q}
 h - 13 potions of curing {@q1}
 j - 5 potions of enlightenment
 n - 2 potions of heal wounds {@q2}
 E - 3 potions of invisibility
 G - 4 potions of cancellation
 J - 4 potions of resistance
 Q - 4 potions of haste {@q3}
 R - 4 potions of might
Miscellaneous
 w - a condenser vane (inert)
   (You found it on level 4 of the Shoals)
 z - the horn of Geryon (inert)
   (You took it off Geryon in the Vestibule of Hell)
 W - a phantom mirror
   (You found it on level 5 of the Lair of Beasts)
 X - a phial of floods (inert)
   (You found it on level 5 of the Lair of Beasts)


   Skills:
 + Level 23.6 Fighting
 + Level 24.7 Axes
 - Level 22.6 Ranged Weapons
 - Level 16.5 Throwing
 - Level 20.4 Armour
 + Level 16.4 Dodging
 + Level 7.8 Stealth
 + Level 13.4 Evocations


You had 24 spell levels left.
You didn't know any spells.
Your spell library was empty.

Dungeon Overview and Level Annotations

Branches:
Dungeon (15/15) Zot: 23616  Temple (0/1) D:7            Lair (5/5) D:10 Zot: 22525
 Shoals (4/4) Lair:2 Zot: 13898  Spider (4/4) Lair:3 Zot: 11321   Slime (0/5) Lair:5
    Orc (2/2) D:12 Zot: 7672     Elf (3/3) Orc:2 Zot: 2635  Vaults (4/5) D:14 Zot: 15155
  Crypt (3/3) Vaults:2 Zot: 7021    Tomb (1/3) Crypt:3 Zot: 5207  Depths (2/4) D:15 Zot: 5081
   Hell (visited)             Dis (0/7) Hell            Geh (0/7) Hell
    Coc (0/7) Hell            Tar (0/7) Hell         WizLab (visited)

Altars:
Cheibriados
Dithmenos
Elyvilon
Fedhas
Gozag
Kikubaaqudgha
Makhleb
Nemelex Xobeh
Okawaru
Ru
Trog
Uskayaw
Vehumet
Wu Jian
Xom
Yredelemnul
Zin
The Shining One
Jiyva

Shops:
D:7 [[**   D:14 *   Orc:2 ?(:=(   Elf:1 *   Elf:2 *[!?   Shoals:1 ?
Shoals:3 *   Vaults:2 ?   Vaults:4 (*

Portals:
Hell: Depths:1 Depths:2
Abyss: Depths:2
Pandemonium: Depths:1
Trove: Vaults:3 (give 7 scrolls of fear)

Annotations:
Elf:2 3 runed translucent doors, Norris


Innate Abilities, Weirdness & Mutations

You have a pair of horns on your head.
You reflexively headbutt those who attack you in melee.
You are somewhat resistant to further mutation.


Message History

The emperor scorpion claws you but does no damage.
The emperor scorpion is engulfed in acidic fog.
The acid corrodes the emperor scorpion!
The emperor scorpion is engulfed in a thunderstorm.
The emperor scorpion stings you but does no damage.
The emperor scorpion barely misses you.
The emperor scorpion claws you but does no damage.
The emperor scorpion stings you!
* * * LOW HITPOINT WARNING * * *
The emperor scorpion misses you.
The emperor scorpion claws you but does no damage.
The emperor scorpion is engulfed in freezing vapours.
The emperor scorpion stings you but does no damage.
The emperor scorpion barely misses you. x3; You furiously retaliate!
You headbutt the emperor scorpion.
The emperor scorpion claws you but does no damage. x2
You barely miss the emperor scorpion.
You headbutt the emperor scorpion, but do no damage.
You slash the death scarab! You barely miss the emperor scorpion.
You slash the emperor scorpion! You hit the emperor scorpion.
You miss the death scarab. You slice the emperor scorpion!!
You kill the emperor scorpion!
The emperor scorpion's corpse disappears in a puff of smoke!
You feel very sick.
The emperor scorpion is no longer waterlogged.
The death scarab completely misses you.
The death scarab splashes around in the water.
The death scarab is engulfed in freezing vapours. x2
The emperor scorpion closely misses you.
You furiously retaliate!
You headbutt the emperor scorpion!
The emperor scorpion claws you but does no damage.
The emperor scorpion claws you.
* * * LOW HITPOINT WARNING * * *
The emperor scorpion is engulfed in acidic fog.
The emperor scorpion is engulfed in freezing vapours.
The emperor scorpion stings you but does no damage.
The emperor scorpion misses you.
The emperor scorpion closely misses you.
The death scarab is engulfed in freezing vapours.
You block the emperor scorpion's attack.
The emperor scorpion claws you but does no damage.
The emperor scorpion claws you.
* * * LOW HITPOINT WARNING * * *
The death scarab completely misses you. The death scarab closely misses you.
You furiously retaliate!
You headbutt the death scarab!
The emperor scorpion is engulfed in freezing vapours.
You block the emperor scorpion's attack.
The emperor scorpion claws you but does no damage.
The emperor scorpion barely misses you. The emperor scorpion stings you!
You die...

▓▓▓▓▓▓▓▓▓▓
.........▓▓
....§§....▓▓
.§§.~§§B§..▓▓
)§§§§BBBM...▓▓
?...~MssB§.∩.▓
....§ss@§B..▓▓
....~§sB~..▓▓
..........▓▓
.........▓▓
▓▓▓▓▓▓▓▓▓▓


You could see a royal mummy, 5 emperor scorpions, a guardian mummy and 7 death
scarabs.

Vanquished Creatures
  Mara (Vaults:2)
  2 royal mummies
  Bai Suzhen (Shoals:2)
  Geryon (Hell)
  The ghost of Ruxt the Slayer, an adept MiFi of Qazlal (Vaults:4)
  A bone dragon (Crypt:2)
  Arachne (Spider:4)
  3 Tzitzimimeh
  A shard shrike zombie (Crypt:2)
  6 doom hounds
  Zenata (Elf:1)
  4 liches
  A Hell Sentinel (Zig:5)
  2 deep elf blademasters (Elf:3)
  Grunn (Crypt:3)
  5 deep elf master archers
  The ghost of jake111299 the Executioner, an adept HOFi of Qazlal (Spider:4)
  2 krakens
  Agnes (Spider:3)
  2 ancient champions
  2 tentacled starspawn (Abyss:4)
  Frances (Shoals:2)
  11 sphinxes
  Kirke (D:13)
  2 thorn hunters (WizLab)
  2 tengu reavers
  4 revenants
  2 fenstrider witches (WizLab)
  Donald (Shoals:3)
  Aizul (Shoals:3)
  6 deep elf sorcerers
  2 fire giants (Depths:1)
  5 frost giants
  A draconian knight (Zig:2)
  8 emperor scorpions
  A balrug (Depths:2)
  Louise (Depths:2)
  An iron dragon (Hell)
  4 ghost moths
  16 vault wardens
  A quicksilver elemental (Zig:5)
  4 ghouls
  2 angels (Vaults:1)
  A curse skull (Elf:1)
  2 cacodemons
  3 deep elf elementalists (Elf:3)
  A juggernaut zombie (Crypt:3)
  11 ironbound preservers
  4 very ugly things (Depths:2)
  The ghost of Sundig the Peltast, a journeyman FoFi of Qazlal (D:14)
  5 stone giants
  7 broodmothers
  10 ironbound thunderhulks
  3 reapers
  24 vampire knights
  8 war gargoyles
  An ophan (Zig:1)
  Nessos (D:13)
  A formless jellyfish (Vaults:2)
  12 dire elephants
  6 deep elf demonologists (Elf:3)
  A putrid mouth (Crypt:2)
  2 deep elf annihilators (Elf:3)
  A white draconian (Zig:2)
  7 eidola
  5 spark wasps
  4 spectral elves (Elf:1)
  5 blizzard demons
  A crystal guardian (Vaults:3)
  5 ettins
  6 deep elf death magi
  14 yaktaur captains
  4 merfolk javelineers
  6 mummy priests
  6 merfolk impalers (Shoals:4)
  An iron golem (Zig:5)
  2 fire dragons
  A quicksilver dragon zombie (Tomb:1)
  2 spriggan zombies
  A shambling mangrove (WizLab)
  20 jiangshi
  A kraken zombie (Hell)
  7 great orbs of eyes
  A fenstrider witch zombie (Crypt:3)
  4 deep elf high priests
  5 entropy weavers
  A rakshasa (Depths:2)
  2 ice dragons (Depths:1)
  A salamander tyrant (Zig:3)
  3 catoblepae (Lair:5)
  5 hydras
  12 vault guards
  A hell beast (Depths:1)
  6 peacekeepers
  Fannar (Lair:1)
  3 ogre magi
  4 jorogumos
  An alligator snapping turtle (Shoals:4)
  16 two-headed ogres
  16 centaur warriors
  6 ironbound frosthearts
  4 radroaches
  2 death knights
  A merfolk aquamancer (Shoals:4)
  5 merfolk avatars
  A sphinx zombie (Zig:6)
  2 spriggan skeletons
  A deep troll shaman (Depths:1)
  5 boulder beetles
  A death scarab (Zig:4)
  16 dancing weapons
  10 tengu warriors
  An azure jelly zombie (Crypt:3)
  A naga warrior (Abyss:4)
  5 satyrs
  12 death yaks
  A hell hog (Depths:1)
  7 demonic crawlers
  3 deep troll earth magi
  17 vampire magi
  5 thrashing horrors (Abyss:4)
  A spriggan berserker (Depths:2)
  4 naga sharpshooters
  2 orc high priests
  9 hell knights
  An iron troll (Depths:1)
  3 skysharks
  7 sun demons
  A titan skeleton (Crypt:1)
  9 soul eaters
  11 deep elf knights
  Lodul (D:14)
  3 sun moths
  A shadow wraith (Crypt:2)
  34 skeletal warriors
  7 pharaoh ants
  2 death drakes
  36 deep trolls
  2 glowing orange brains
  A spatial maelstrom (Abyss:4)
  A shadow dragon zombie (Crypt:3)
  A swamp dragon (Vaults:2)
  An obsidian statue (Vaults:4)
  3 large abominations (Abyss:4)
  3 flayed ghosts
  7 sea snakes
  A swamp dragon (shapeshifter) (D:14)
  16 orb spiders
  2 anaconda zombies
  A golden dragon zombie (Crypt:1)
  34 phantasmal warriors
  2 bog bodies
  A steelbarb worm (shapeshifter) (Vaults:4)
  32 deep elf zephyrmancers
  5 arcanists
  11 deep elf archers
  3 necromancers
  24 ironbound convokers
  4 steelbarb worms
  3 lindwurms (Vaults:2)
  Pikel (D:8)
  A harpy (shapeshifter) (D:14)
  3 orc knights
  An anaconda skeleton (Tomb:1)
  4 harpies
  An alligator zombie (Hell)
  2 stone giant zombies
  28 deep elf pyromancers
  2 oklob plants (WizLab)
  2 shadow dragon skeletons
  4 orc sorcerers
  41 ugly things
  3 iron dragon zombies (Crypt:3)
  28 wolf spiders
  14 manticores
  6 cyclopes
  A cyclops (shapeshifter) (Vaults:4)
  17 fauns
  3 moths of wrath
  A worldbinder (Abyss:4)
  14 elephants
  3 black mambas
  7 rust devils
  A stone giant skeleton (Crypt:1)
  12 vault sentinels
  8 water nymphs
  8 merfolk sirens
  2 orange demons (Abyss:4)
  5 torpor snails
  7 molten gargoyles
  2 alligator snapping turtle zombies
  A cane toad (shapeshifter) (Elf:1)
  A centaur skeleton (Tomb:1)
  A white draconian zombie (Crypt:1)
  6 smoke demons
  Jeremiah (D:7)
  An unseen horror zombie (Crypt:1)
  6 cane toads
  3 unseen horrors
  Maggie (D:8)
  3 rime drakes
  45 yaktaurs
  A death yak zombie (Crypt:2)
  9 komodo dragons
  An unseen horror (shapeshifter) (D:15)
  3 sea snake zombies (Hell)
  3 kobold demonologists
  2 tormentors
  2 efreet
  4 freezing wraiths
  2 hellions
  6 tengu conjurers
  A komodo dragon (shapeshifter) (Elf:1)
  8 guardian mummies
  A sea snake skeleton (Crypt:3)
  A meliai (shapeshifter) (D:14)
  13 trolls
  2 harpy zombies
  9 meliai
  2 hydra zombies
  A queen bee (shapeshifter) (D:14)
  A red devil (Hell)
  3 ancient zymes (Abyss:4)
  19 merfolk
  4 wind drakes
  A polar bear (Lair:5)
  A raiju (shapeshifter) (D:15)
  Prince Ribbit (D:5)
  A glass eye (Depths:1)
  2 hornets (WizLab)
  32 tarantellas
  14 blink frogs
  11 snapping turtles
  3 raiju (Abyss:4)
  A dream sheep (shapeshifter) (D:14)
  A blink frog (shapeshifter) (D:14)
  2 hydra skeletons (Hell)
  A harpy skeleton (Crypt:3)
  7 dream sheep
  12 flying skulls
  47 slime creatures
  30 jumping spiders
  15 wraiths
  Sigmund (D:2)
  An ice dragon zombie (Crypt:3)
  5 water elementals
  8 air elementals
  A vampire (D:12)
  A guardian serpent skeleton (Crypt:3)
  A spriggan (shapeshifter) (D:15)
  An ushabti (Tomb:1)
  25 culicivoras
  3 wyverns
  A dire elephant simulacrum (Abyss:4)
  2 fire bats (Depths:1)
  2 fire elementals
  5 basilisks
  2 hogs (D:13)
  4 neqoxecs (D:14)
  16 humans
  Eustachio (D:4)
  2 steam dragons
  49 yaks
  A human (shapeshifter) (Vaults:4)
  63 redbacks
  12 vampire mosquitoes
  A chaos spawn (Abyss:4)
  Menkaure (D:4)
  2 wargs
  12 water moccasins
  A skyshark zombie (Crypt:1)
  2 acid dragons (shapeshifter)
  A fire bat skeleton (Crypt:1)
  4 acid dragons
  A faun skeleton (Crypt:3)
  2 nagas (Abyss:4)
  Duvessa (D:4)
  2 naga zombies (Crypt:3)
  2 hydra simulacra (Hell)
  A glowing shapeshifter skeleton (Crypt:2)
  A naga skeleton (Crypt:2)
  A swamp drake (shapeshifter) (D:14)
  An entropy weaver zombie (Crypt:2)
  A hornet zombie (Crypt:1)
  11 orc warriors
  An ice beast (Vaults:2)
  2 sky beasts
  5 black bears
  25 ogres
  14 wolves
  5 centaurs (D:13)
  6 small abominations (Abyss:4)
  7 starcursed masses (Abyss:4)
  3 phantoms (D:5)
  A snapping turtle skeleton (Crypt:3)
  A lemure (D:8)
  2 elf simulacra (Elf:1)
  17 kobold brigands
  19 bullfrogs
  4 necrophages
  3 gnoll sergeants
  8 earth elementals
  A bullfrog (shapeshifter) (D:14)
  7 scorpions
  20 wights
  A cyclops skeleton (Crypt:1)
  Dowan (D:4)
  7 killer bees
  2 electric eels (D:7)
  4 howler monkeys
  A bullfrog zombie (Crypt:2)
  A lava snake (D:15)
  Crazy Yiuf (D:4)
  A hound (D:7)
  7 orc priests
  3 gnoll boudas
  2 iguanas (D:6)
  A sleepcap (D:6)
  A black bear skeleton (Crypt:3)
  Natasha (thrice) (D:2)
  9 orc wizards
  A boggart skeleton (Crypt:2)
  An acid dragon skeleton (Crypt:2)
  21 mummies
  A howler monkey zombie (Crypt:2)
  Robin (D:2)
  9 adders
  28 gnolls
  5 shadow imps
  A white imp (Vaults:3)
  2 ufetubi (Abyss:4)
  An adder zombie (Crypt:3)
  An adder skeleton (Crypt:3)
  3 worms
  A dart slug (D:3)
  58 orcs
  6 endoplasms
  A giant cockroach (D:1)
  10 goblins
  5 hobgoblins
  7 jackals
  4 quokkas
  8 ball pythons
  4 bats
  3 frilled lizards (D:2)
  A giant cockroach zombie (Crypt:1)
  A gnoll skeleton (Crypt:2)
  A goblin zombie (Crypt:1)
  25 kobolds
  7 rats
  2 starspawn tentacles (Abyss:4)
  3 tentacles
2052 creatures vanquished.

Vanquished Creatures (collateral kills)
  A tentacled monstrosity (Vaults:4)
  A crystal echidna (Zig:5)
  A wolf spider (shapeshifter) (Vaults:4)
  A vault sentinel (Vaults:4)
  A guardian mummy (Zig:4)
  A mummy (Zig:4)
6 creatures vanquished.

Vanquished Creatures (others)
  A deep elf demonologist (Elf:3)
  A deep elf pyromancer (Elf:1)
  A human (D:13)
  An acid dragon (D:10)
  3 starspawn tentacles (Abyss:4)
  16 tentacles
23 creatures vanquished.

Grand Total: 2081 creatures vanquished

Notes
Turn   | Place    | Note
-------+----------+-------------------------------------------
     0 | D:1      | Pooter the Minotaur Berserker began the quest for the Orb.
     0 | D:1      | Reached XP level 1. HP: 19/19 MP: 0/0
   237 | D:1      | Found a faded altar of an unknown god.
   347 | D:1      | Reached skill level 1 in Ranged Weapons
   347 | D:1      | Reached XP level 2. HP: 27/27 MP: 1/1
   372 | D:1      | Reached skill level 4 in Axes
   807 | D:2      | Noticed Natasha
   818 | D:2      | Killed Natasha
   819 | D:2      | Reached XP level 3. HP: 26/33 MP: 2/2
   844 | D:2      | Noticed Natasha
   905 | D:2      | Killed Natasha
   914 | D:2      | Reached ** piety under Trog
   915 | D:2      | Reached XP level 4. HP: 31/40 MP: 3/3
  1014 | D:2      | Noticed Natasha
  1022 | D:2      | Killed Natasha
  1091 | D:2      | Reached skill level 5 in Axes
  1161 | D:2      | Noticed Robin
  1169 | D:2      | Killed Robin
  1324 | D:2      | Noticed Sigmund
  1334 | D:2      | Killed Sigmund
  1335 | D:2      | Reached XP level 5. HP: 47/47 MP: 4/4
  1335 | D:2      | Reached XP level 6. HP: 55/55 MP: 5/5
  1436 | D:2      | Reached skill level 6 in Axes
  1947 | D:2      | Reached skill level 5 in Fighting
  2211 | D:3      | Found a snail-covered altar of Cheibriados.
  2620 | D:4      | Noticed Menkaure
  2628 | D:4      | Killed Menkaure
  2739 | D:4      | Reached XP level 7. HP: 61/61 MP: 6/6
  2805 | D:4      | Reached skill level 5 in Ranged Weapons
  2891 | D:4      | Noticed Duvessa
  2891 | D:4      | Noticed Dowan
  2910 | D:4      | Killed Duvessa
  2911 | D:4      | Reached skill level 7 in Axes
  2915 | D:4      | Killed Dowan
  3284 | D:4      | Found a runed translucent door.
  3285 | D:4      | Noticed Crazy Yiuf
  3447 | D:4      | Noticed Eustachio
  3452 | D:4      | Killed Eustachio
  3647 | D:4      | Killed Crazy Yiuf
  3729 | D:5      | Entered Level 5 of the Dungeon
  3902 | D:5      | Reached skill level 8 in Axes
  3902 | D:5      | Reached XP level 8. HP: 70/70 MP: 7/7
  4659 | D:5      | Found an opulent altar of Gozag.
  4685 | D:5      | Noticed Prince Ribbit
  4695 | D:5      | Killed Prince Ribbit
  4873 | D:5      | Reached *** piety under Trog
  4892 | D:5      | Reached skill level 9 in Axes
  5148 | D:5      | Found an ornate altar of the Wu Jian Council.
  5206 | D:6      | Found a sparkling altar of Nemelex Xobeh.
  5233 | D:6      | Found a radiant altar of Vehumet.
  5702 | D:6      | Reached XP level 9. HP: 74/79 MP: 8/8
  5907 | D:6      | Found a shadowy altar of Dithmenos.
  6059 | D:6      | Found a glowing silver altar of Zin.
  6080 | D:6      | Reached skill level 10 in Axes
  6728 | D:7      | Found Lyiddea's Antique Armour Shoppe.
  6780 | D:7      | Bought a pair of translucent gloves for 218 gold pieces
  6780 | D:7      | Identified the +4 pair of gloves of Niawnus {rPois rC+}
                  | (You bought it in a shop on level 7 of the Dungeon)
  6920 | D:7      | Found Deyqo's Armour Shoppe.
  6920 | D:7      | Found Gew Koam's Assorted Antiques.
  6921 | D:7      | Found Wuqoiwav's General Store.
  6927 | D:7      | Bought a glowing sapphire potion for 27 gold pieces
  6927 | D:7      | Bought a fizzy white potion for 27 gold pieces
  6927 | D:7      | Bought a yellow potion for 27 gold pieces
  6927 | D:7      | Bought a glowing puce potion for 27 gold pieces
  7054 | D:7      | Reached skill level 11 in Axes
  7139 | D:7      | Found a staircase to the Ecumenical Temple.
  7179 | D:7      | Found a shimmering altar of Xom.
  7277 | D:7      | Noticed Jeremiah
  7326 | D:7      | Killed Jeremiah
  7722 | D:8      | Noticed Pikel
  7736 | D:8      | Killed Pikel
  7737 | D:8      | Reached skill level 10 in Ranged Weapons
  7737 | D:8      | Reached XP level 10. HP: 70/90 MP: 9/9
  8132 | D:8      | Noticed Maggie
  8143 | D:8      | Killed Maggie
  8144 | D:8      | Reached skill level 12 in Axes
  8280 | D:8      | Reached **** piety under Trog
  8752 | D:8      | Found a bloodstained altar of Trog.
  8753 | D:8      | Found a white marble altar of Elyvilon.
  8917 | D:9      | Noticed a soul eater
  8919 | D:9      | Noticed an orange demon
  9148 | D:9      | Found a glowing golden altar of the Shining One.
  9149 | D:9      | Found a sacrificial altar of Ru.
  9150 | D:9      | Found an iron altar of Okawaru.
  9441 | D:9      | Found a blossoming altar of Fedhas.
  9564 | D:9      | Noticed a three-headed hydra
  9579 | D:9      | Killed a three-headed hydra
  9580 | D:9      | Reached skill level 13 in Axes
  9922 | D:7      | Bought a sparkling zirconium amulet for 150 gold pieces
  9922 | D:7      | Identified the amulet "Coofodocu" {Faith Will++} (You
                  | bought it in a shop on level 7 of the Dungeon)
 10082 | D:10     | Entered Level 10 of the Dungeon
 10102 | D:10     | Found a hide-covered altar of Uskayaw.
 10212 | D:10     | Found a burning altar of Makhleb.
 10362 | D:10     | Reached XP level 11. HP: 80/99 MP: 10/10
 10436 | D:10     | Reached skill level 10 in Fighting
 10596 | D:10     | Found a staircase to the Lair.
 10910 | D:10     | Reached skill level 14 in Axes
 10940 | D:10     | Noticed a fire dragon
 10940 | D:10     | Noticed a deep elf pyromancer
 10940 | D:10     | Noticed an orc knight
 10940 | D:10     | Noticed a two-headed ogre
 11068 | D:7      | Bought a +0 cloak of willpower for 138 gold pieces
 12313 | D:10     | Killed a fire dragon
 12379 | D:10     | Killed a two-headed ogre
 12478 | D:10     | Killed a deep elf pyromancer
 12486 | D:10     | Killed an orc knight
 12680 | Lair:1   | Entered Level 1 of the Lair of Beasts
 12793 | Lair:1   | Noticed Fannar
 12795 | Lair:1   | Noticed a boulder beetle
 12809 | Lair:1   | Killed a boulder beetle
 12815 | Lair:1   | Killed Fannar
 12916 | Lair:1   | Reached skill level 15 in Axes
 13000 | Lair:1   | Reached XP level 12. HP: 109/110 MP: 11/11
 13630 | Lair:2   | Reached skill level 16 in Axes
 13804 | Lair:2   | Noticed a death yak
 13805 | Lair:2   | Noticed a death yak
 13806 | Lair:2   | Noticed a death yak
 13806 | Lair:2   | Noticed a death yak
 13810 | Lair:2   | Noticed a death yak
 13811 | Lair:2   | Killed a death yak
 13822 | Lair:2   | Killed a death yak
 13824 | Lair:2   | Noticed a death yak
 13826 | Lair:2   | Killed a death yak
 13834 | Lair:2   | Killed a death yak
 13836 | Lair:2   | Killed a death yak
 13839 | Lair:2   | Killed a death yak
 14103 | Lair:2   | Found a staircase to the Shoals.
 14108 | Lair:2   | Reached skill level 15 in Ranged Weapons
 14424 | Lair:3   | Reached XP level 13. HP: 119/119 MP: 12/12
 14452 | Lair:3   | Reached skill level 17 in Axes
 15093 | Lair:3   | Found a hole to the Spider Nest.
 15452 | D:7      | Bought a pair of crude boots for 218 gold pieces
 15452 | D:7      | Identified the +1 pair of boots of the Rose {rF+} (You
                  | bought it in a shop on level 7 of the Dungeon)
 16532 | D:7      | Bought a blackened iron ring for 150 gold pieces
 17182 | Lair:5   | Entered Level 5 of the Lair of Beasts
 17508 | Lair:5   | Reached skill level 18 in Axes
 17649 | Lair:5   | Reached ***** piety under Trog
 18107 | Lair:5   | Found a staircase to the Slime Pits.
 18107 | Lair:5   | Found a viscous altar of Jiyva.
 19747 | Lair:5   | Reached XP level 14. HP: 125/129 MP: 13/13
 20867 | D:11     | Reached skill level 19 in Axes
 21341 | D:12     | You are sucked into a shaft and drop 2 floors!
 21352 | D:13     | Noticed Kirke
 21359 | D:13     | Killed Kirke
 21923 | D:12     | Found a staircase to the Orcish Mines.
 22647 | Orc:1    | Entered Level 1 of the Orcish Mines
 22669 | Orc:1    | Received a gift from Trog
 23027 | Orc:2    | Entered Level 2 of the Orcish Mines
 23188 | Orc:2    | Found Zuwechesu's Magic Scroll Boutique.
 23197 | Orc:2    | Bought a scroll of identify for 24 gold pieces
 23197 | Orc:2    | Bought a scroll of fog for 48 gold pieces
 23197 | Orc:2    | Bought a scroll of identify for 24 gold pieces
 23731 | D:7      | Bought the +8 arbalest of Cowardice {penet, rN++ Stlth+}
                  | for 1001 gold pieces
 24462 | Orc:2    | Reached skill level 1 in Evocations
 25935 | Orc:2    | Reached skill level 20 in Axes
 26045 | Orc:2    | Found a staircase to the Elven Halls.
 26730 | Orc:2    | Found Cautiwn's Book Shop.
 26734 | Orc:2    | Found Kuzxeaji's Antique Weapon Boutique.
 26735 | Orc:2    | Found Caluduju's Weapon Boutique.
 26736 | Orc:2    | Found Esiah's Jewellery Emporium.
 26976 | D:13     | Reached XP level 15. HP: 139/139 MP: 14/14
 26984 | D:13     | Reached skill level 15 in Fighting
 27107 | Orc:2    | Bought a ring of see invisible for 255 gold pieces
 27835 | D:14     | Noticed Lodul
 27835 | D:14     | Noticed Nessos
 27835 | D:14     | Found a gate to the Vaults.
 27845 | D:14     | Reached skill level 5 in Armour
 27963 | D:13     | Killed Nessos
 27985 | D:14     | Killed Lodul
 28219 | D:14     | Found a runed translucent gate.
 28220 | D:14     | Found a runed translucent gate.
 28600 | D:14     | Found Wauptol's Assorted Antiques.
 28605 | D:14     | Bought a scroll of enchant weapon for 195 gold pieces
 28605 | D:14     | Bought a scroll of brand weapon for 247 gold pieces
 28846 | D:14     | Found a runed translucent gate.
 29232 | D:14     | Found a runed translucent gate.
 29232 | D:14     | Found a runed translucent gate.
 29235 | D:14     | Noticed Sundig's ghost (journeyman FoFi)
 29237 | D:14     | Found a runed translucent gate.
 29254 | D:14     | Gained mutation: Your body sometimes deteriorates upon
                  | taking damage. [a neqoxec]
 29731 | D:14     | Gained mutation: Your magical capacity is low. (-10% MP) [a
                  | neqoxec]
 29736 | D:14     | Reached skill level 5 in Evocations
 29738 | D:14     | Gained mutation: You occasionally lose the ability to read
                  | scrolls when taking damage. [a cacodemon]
 29740 | D:14     | Gained mutation: You sometimes lose the ability to read
                  | scrolls when taking damage. [a cacodemon]
 29942 | D:14     | Gained mutation: You are clumsy. (Dex -2) [a neqoxec]
 29946 | D:14     | Lost mutation: You sometimes lose the ability to read
                  | scrolls when taking damage. [potion of mutation]
 29946 | D:14     | Lost mutation: Your magical capacity is low. (-10% MP)
                  | [potion of mutation]
 29946 | D:14     | Gained mutation: You are strong-willed. (Will+) [potion of
                  | mutation]
 29946 | D:14     | Lost mutation: You are clumsy. (Dex -2) [potion of
                  | mutation]
 29946 | D:14     | Gained mutation: You expend magic power (3 MP) to
                  | strengthen your wands. [potion of mutation]
 29947 | D:14     | Lost mutation: You expend magic power (3 MP) to strengthen
                  | your wands. [potion of mutation]
 29947 | D:14     | Lost mutation: You are strong-willed. (Will+) [potion of
                  | mutation]
 29947 | D:14     | Lost mutation: Your body sometimes deteriorates upon taking
                  | damage. [potion of mutation]
 29947 | D:14     | Gained mutation: You passively map a small area around you.
                  | [potion of mutation]
 29947 | D:14     | Gained mutation: You have an increased reservoir of magic.
                  | (+10% MP) [potion of mutation]
 29947 | D:14     | Gained mutation: You sometimes lose your temper in combat.
                  | [potion of mutation]
 29947 | D:14     | Gained mutation: You are agile. (Dex +4, Str/Int -1)
                  | [potion of mutation]
 29948 | D:14     | Lost mutation: You have an increased reservoir of magic.
                  | (+10% MP) [potion of mutation]
 29948 | D:14     | Lost mutation: You occasionally lose the ability to read
                  | scrolls when taking damage. [potion of mutation]
 29948 | D:14     | Gained mutation: Your body sometimes deteriorates upon
                  | taking damage. [potion of mutation]
 29949 | D:14     | Lost mutation: You sometimes lose your temper in combat.
                  | [potion of mutation]
 29949 | D:14     | Lost mutation: You are agile. (Dex +4, Str/Int -1) [potion
                  | of mutation]
 29949 | D:14     | Lost mutation: You passively map a small area around you.
                  | [potion of mutation]
 29949 | D:14     | Gained mutation: Armour fits poorly on your strangely
                  | shaped body. [potion of mutation]
 30068 | D:14     | Lost mutation: Your body sometimes deteriorates upon taking
                  | damage. [potion of mutation]
 30068 | D:14     | Lost mutation: Armour fits poorly on your strangely shaped
                  | body. [potion of mutation]
 30068 | D:14     | Gained mutation: You are somewhat resistant to further
                  | mutation. [potion of mutation]
 30103 | D:14     | Killed Sundig's ghost
 30214 | D:15     | Entered Level 15 of the Dungeon
 30625 | D:14     | Bought a granite ring for 130 gold pieces
 31094 | D:15     | Identified the +0 ring mail of Feasting {Harm Rampage rF+
                  | Dex+3}
 31920 | D:15     | Found a staircase to the Depths.
 32080 | D:15     | Reached XP level 16. HP: 154/154 MP: 15/15
 32351 | D:15     | Found a hide-covered altar of Uskayaw.
 32554 | D:15     | Received a gift from Trog
 32798 | Shoals:1 | Entered Level 1 of the Shoals
 32808 | Shoals:1 | Reached skill level 1 in Throwing
 32815 | Shoals:1 | Reached skill level 10 in Armour
 33289 | Shoals:1 | Found Nirchog's Magic Scroll Shoppe.
 33403 | Shoals:1 | Bought a scroll of identify for 32 gold pieces
 34404 | Shoals:2 | Identified the of Fecetteleg
 34738 | Shoals:2 | Noticed a kraken
 34745 | Shoals:2 | Killed a kraken
 35461 | Shoals:2 | Noticed Frances
 35485 | Shoals:2 | Killed Frances
 36001 | Shoals:3 | Noticed Bai Suzhen
 36113 | Shoals:2 | Killed Bai Suzhen
 36536 | Shoals:3 | Noticed Donald
 36547 | Shoals:3 | Killed Donald
 36700 | Shoals:3 | Found a runed translucent door.
 36958 | Shoals:3 | Identified the +0 pair of boots of Elitism {Str+4}
 37024 | Shoals:3 | Noticed a kraken
 37032 | Shoals:3 | Killed a kraken
 37554 | Shoals:3 | Identified the serpent talisman of Xom's Benevolence {Fly
                  | rC+}
 37554 | Shoals:3 | Noticed Aizul
 37566 | Shoals:3 | Killed Aizul
 37585 | Shoals:3 | Found Jopaf's General Store.
 37617 | Shoals:3 | Bought a potion of heal wounds for 65 gold pieces
 37617 | Shoals:3 | Bought a scroll of identify for 26 gold pieces
 38064 | Shoals:4 | Entered Level 4 of the Shoals
 38606 | Shoals:4 | Reached skill level 5 in Dodging
 38655 | Shoals:4 | Identified the +10 dagger of Veanit {holy, rPois Will-
                  | rCorr Int+6}
 39622 | Shoals:4 | Reached XP level 17. HP: 157/163 MP: 7/16
 40435 | Shoals:4 | Identified the ring of Gikos {rPois MP+9 Int+2 Dex+4 SInv}
 42169 | Shoals:4 | Got a barnacled rune of Zot
 42358 | Shoals:4 | Reached skill level 5 in Throwing
 42717 | Spider:1 | Entered Level 1 of the Spider Nest
 48249 | Spider:3 | Noticed Agnes
 48256 | Spider:3 | Killed Agnes
 48256 | Spider:3 | Received a gift from Trog
 49254 | Spider:3 | Reached XP level 18. HP: 55/171 MP: 8/17
 49531 | Spider:4 | Entered Level 4 of the Spider Nest
 49893 | Spider:3 | Received a gift from Trog
 49938 | Spider:3 | Reached skill level 15 in Armour
 50109 | Spider:4 | Noticed Arachne
 50294 | Spider:4 | Killed Arachne
 52151 | Spider:4 | Received a gift from Trog
 54267 | Spider:4 | Found a runed translucent door.
 54267 | Spider:4 | Noticed jake111299's ghost (adept HOFi)
 54280 | Spider:4 | Killed jake111299's ghost
 54823 | Spider:4 | Reached skill level 10 in Evocations
 55028 | Spider:4 | Identified the +2 pair of boots "Tafunn" {rF+ rC+ Will-
                  | Str+6}
 55105 | Spider:4 | Reached XP level 19. HP: 182/182 MP: 9/18
 55229 | Spider:4 | Got a gossamer rune of Zot
 55601 | Orc:2    | Bought an amulet of reflection for 510 gold pieces
 55643 | Desolati | Identified the of Efam
 55643 | Desolati | Identified the of Efohis
 55643 | Vaults:5 | Identified the "Pailloa"
 55643 | Crypt:2  | Identified the "Hidoalul"
 55643 | Elf:1    | Entered Level 1 of the Elven Halls
 55922 | Elf:1    | Paralysed by an air elemental for 1 turns
 56261 | Elf:1    | Paralysed by an air elemental for 1 turns
 56524 | Elf:1    | Noticed Zenata
 56539 | Elf:1    | Killed Zenata
 56697 | Elf:1    | Received a gift from Trog
 57046 | Elf:1    | Identified the +5 plate armour "Qypofaoki" {rF++}
 57195 | Elf:1    | Reached skill level 10 in Dodging
 57198 | Elf:1    | Reached XP level 20. HP: 103/174 MP: 19/19
 57733 | Elf:1    | Found Pauzaadd's Assorted Antiques.
 57744 | Elf:1    | Bought a scroll of enchant weapon for 195 gold pieces
 58006 | Elf:1    | Identified the +0 ring mail "Jiott" {Str+5 Stlth-}
 58103 | Elf:2    | Found Nuk Subb's Magic Scroll Emporium.
 58118 | Elf:2    | Bought a scroll of enchant weapon for 105 gold pieces
 58119 | Elf:2    | Found Kuskaym's Antique Armour Shop.
 58344 | Elf:2    | Found Tatis's Distillery.
 58348 | Elf:2    | Paralysed by an air elemental for 1 turns
 58350 | Elf:2    | Paralysed by an air elemental for 1 turns
 58357 | Elf:2    | Bought a potion of might for 84 gold pieces
 58396 | Elf:2    | Paralysed by an air elemental for 1 turns
 58759 | Elf:2    | Paralysed by an air elemental for 1 turns
 58763 | Elf:2    | Identified the +7 mace of Xaahupn {heavy, rN++ SInv Stlth+}
 58767 | Abyss:4  | Cast into level 4 of the Abyss (a deep elf sorcerer)
 58812 | Abyss:4  | Received a gift from Trog
 58832 | Abyss:4  | Paralysed by accursed screaming for 1 turns
 58977 | Abyss:4  | Reached skill level 21 in Axes
 59034 | Abyss:4  | Found a corrupted altar of Lugonu.
 59051 | Elf:2    | Escaped the Abyss
 59070 | Elf:2    | Noticed Norris
 59866 | Elf:2    | Found Apinutu's Assorted Antiques.
 59897 | Elf:2    | Received a gift from Trog
 59953 | Elf:2    | Found a runed translucent gate.
 59953 | Elf:2    | Found a runed translucent gate.
 59953 | Elf:2    | Found a runed translucent gate.
 60166 | Elf:3    | Entered Level 3 of the Elven Halls
 61704 | Elf:3    | Paralysed by an air elemental for 1 turns
 63816 | Elf:3    | Identified the ring "Syoleno" {rElec rN+++ AC+4 Int-2 SInv}
 71118 | Vaults:1 | Entered Level 1 of the Vaults
 71204 | Vaults:1 | Reached XP level 21. HP: 113/201 MP: 6/20
 71600 | Vaults:1 | Reached skill level 10 in Throwing
 72493 | Vaults:1 | Identified the +4 falchion of Twilight {speed, rN+}
 72540 | Vaults:1 | Found a white marble altar of Elyvilon.
 72540 | Vaults:1 | Found a glowing golden altar of the Shining One.
 72540 | Vaults:1 | Found a glowing silver altar of Zin.
 74357 | Vaults:2 | Found a staircase to the Crypt.
 74357 | Vaults:2 | Found a basalt altar of Yredelemnul.
 74499 | Vaults:2 | Found an ancient bone altar of Kikubaaqudgha.
 75070 | Vaults:2 | Reached skill level 22 in Axes
 75620 | Vaults:2 | Found Led Qijiozu's Magic Scroll Shop.
 75635 | Vaults:2 | Bought a scroll of immolation for 64 gold pieces
 75635 | Vaults:2 | Bought a scroll of blinking for 120 gold pieces
 75635 | Vaults:2 | Bought a scroll of enchant weapon for 120 gold pieces
 75658 | Vaults:2 | Noticed Mara
 75670 | Vaults:2 | Killed Mara
 75816 | Vaults:2 | Identified the +1 arbalest of Karma {penet, Drain rElec
                  | rCorr Str+3}
 75940 | Vaults:3 | Received a gift from Trog
 77084 | Shoals:1 | Bought a scroll of enchant armour for 120 gold pieces
 77085 | Shoals:1 | Bought a scroll of fog for 64 gold pieces
 77085 | Shoals:1 | Bought a scroll of fear for 64 gold pieces
 77473 | Elf:2    | Bought 2 potions of curing for 126 gold pieces
 77473 | Elf:2    | Bought a potion of curing for 63 gold pieces
 77473 | Elf:2    | Bought a potion of curing for 63 gold pieces
 77880 | Vaults:3 | Found a portal to a secret trove of treasure.
 78206 | Vaults:3 | Reached XP level 22. HP: 196/211 MP: 21/21
 78726 | Vaults:4 | Found Nofek's Weapon Boutique.
 79431 | Vaults:4 | Identified the +2 robe "Xaibiesh" {+Inv rN+++ MP+9}
 79489 | Vaults:4 | Received a gift from Trog
 79936 | Vaults:4 | Identified the +8 battleaxe of Homirycry {antimagic, rElec
                  | rF+ rC-} (Trog gifted it to you on level 4 of the Vaults)
 79936 | Vaults:4 | Received a gift from Trog
 80357 | Vaults:4 | Found a runed translucent gate.
 80357 | Vaults:4 | Found a runed translucent gate.
 80357 | Vaults:4 | Found a runed translucent gate.
 80357 | Vaults:4 | Found an opulent altar of Gozag.
 80358 | Vaults:4 | Found Waumejaos's Assorted Antiques.
 80358 | Vaults:4 | Noticed Ruxt's ghost (adept MiFi)
 80382 | Vaults:4 | Killed Ruxt's ghost
 80437 | Vaults:4 | Bought a jewelled bronze wand for 92 gold pieces
 80751 | Crypt:1  | Entered Level 1 of the Crypt
 80769 | Crypt:1  | Found a magical portal.
 80775 | WizLab   | Entered Eringya's Formal Garden
 81884 | WizLab   | HP: 10/213 [deep elf master archer/arrow (6)]
 82146 | WizLab   | Paralysed by a fenstrider witch for 5 turns
 82159 | WizLab   | Reached skill level 23 in Axes
 82377 | WizLab   | Found a blossoming altar of Fedhas.
 82947 | Crypt:1  | Identified the orb of Avant Garde Lucidity {mayhem, rElec
                  | rF+}
 83322 | Crypt:1  | Received a gift from Trog
 83518 | Crypt:2  | Reached XP level 23. HP: 222/222 MP: 22/22
 86865 | Crypt:3  | Entered Level 3 of the Crypt
 86865 | Crypt:3  | Noticed Grunn
 87799 | Crypt:2  | Received a gift from Trog
 87986 | Crypt:3  | Killed Grunn
 90941 | Crypt:3  | Identified the orb "Piyve" {*Rage, Harm Drain rPois Dex-5}
 90990 | Crypt:3  | Identified the beast talisman "Xanted" {rC+ rN++}
 91055 | Crypt:3  | Found a staircase to the Tomb.
 91375 | Crypt:3  | Reached skill level 24 in Axes
 91673 | Crypt:3  | Found a hide-covered altar of Uskayaw.
 91900 | Crypt:3  | Reached skill level 15 in Throwing
 92142 | Crypt:3  | Paralysed by a vampire knight for 5 turns
 92342 | Crypt:3  | Received a gift from Trog
 92761 | Crypt:3  | Found a basalt altar of Yredelemnul.
 92777 | Crypt:3  | Identified the ring "Fenufaz" {rC- rN+ Slay+4}
 92778 | Crypt:3  | Identified the ring "Muvvoast" {rF+ rN+}
 92986 | Crypt:3  | Identified the +0 ring mail of the Moon {rC+ Int+3}
 93257 | Slime:5  | Identified the "Leeg"
 93257 | Tomb:1   | Entered Level 1 of the Tomb of the Ancients
 93397 | Tomb:1   | Reached skill level 15 in Dodging
 93399 | Tomb:1   | Reached XP level 24. HP: 110/233 MP: 22/22
 93402 | Tomb:1   | Identified the +1 battleaxe of the Dwarven Hall {flame, rF+
                  | rC+ rN+} (Trog gifted it to you on level 1 of the Tomb of
                  | the Ancients)
 93402 | Tomb:1   | Received a gift from Trog
 93966 | Tomb:1   | Paralysed by a sphinx for 4 turns
 94693 | Depths:1 | Entered Level 1 of the Depths
 97875 | Depths:1 | Found a one-way gate leading to the halls of Pandemonium.
 99227 | Depths:1 | Found a gateway to Hell.
 99470 | Hell     | Entered the Vestibule of Hell
 99470 | Hell     | Noticed Geryon
 99696 | Depths:1 | Glimpsed the power of Zot.
 99939 | Depths:2 | Received a gift from Trog
100544 | Hell     | Killed Geryon
100559 | Hell     | Reached skill level 5 in Stealth
101454 | Hell     | Found a gateway to the decaying netherworld of Tartarus.
101556 | Hell     | Received a gift from Trog
103339 | Hell     | Found a gateway to the freezing wastes of Cocytus.
103442 | Hell     | Found a gateway to the Iron City of Dis.
103718 | Hell     | Found a gateway to the ashen valley of Gehenna.
104128 | Depths:2 | Found a one-way gate to the infinite horrors of the Abyss.
104128 | Depths:2 | Noticed Louise
104149 | Depths:2 | Killed Louise
104486 | Depths:2 | Found a one-way gateway to a ziggurat.
104495 | Tar:7    | Identified the of Ytif
104495 | Tar:7    | Identified the "Kyrosiag"
104495 | Dis:7    | Identified the "Dururgh"
104495 | Dis:7    | Identified the "Kugogean"
104495 | Geh:7    | Identified the "Syfryma"
104495 | Zig:1    | Entered Level 1 of a ziggurat
104620 | Zig:2    | Entered Level 2 of a ziggurat
104682 | Zig:3    | Identified the "Humiruw"
104682 | Zig:3    | Entered Level 3 of a ziggurat
104761 | Zig:4    | Identified the of Fedghex
104761 | Zig:4    | Entered Level 4 of a ziggurat
104766 | Zig:4    | Noticed a royal mummy
104777 | Zig:4    | Killed a royal mummy
104970 | Zig:4    | Identified the talisman of death of Soniyxus {Str+6 Dex+4
                  | SInv}
104978 | Zig:5    | Entered Level 5 of a ziggurat
105073 | Zig:5    | Reached XP level 25. HP: 243/243 MP: 22/22
105083 | Zig:6    | Entered Level 6 of a ziggurat
105092 | Zig:6    | Noticed a royal mummy
105105 | Zig:6    | Killed a royal mummy
105110 | Zig:6    | Noticed a royal mummy
105120 | Zig:6    | HP: 10/244 [poisoned by an emperor scorpion]
105120 | Zig:6    | Mangled by an emperor scorpion

Illustrated notes

Levels and vault maps discovered:
D:1:      heliophobic_arrival_dark_side_of_the_moon, layout_basic,
          hellmonk_ecumenical_altar_arch_garden
D:2:      minmay_diamond_boxcup, layout_loops_ring, minmay_cut_off,
          uniq_natasha, uniq_sigmund, uniq_robin
D:3:      layout_basic, cheibriados_altar_1
D:4:      layout_basic, uniq_duvessa, uniq_menkaure, uniq_eustachio,
          uniq_crazy_yiuf_cottage
D:5:      layout_rooms, grunt_gozag_statues, marbit_many_paths,
          uniq_prince_ribbit1
D:6:      layout_basic, vehumet_altar_wand_db, mainiacjoe_overflow_alcove_1,
          kennysheep_mini_moat, grunt_dithmenos_smoke, nicolae_zig_zag_zippers
D:7:      layout_loops_corners, lemuel_doored_altar, minmay_temple_entry_arrows,
          serial_shops, kennysheep_mini, nicolae_wooded_promenade, uniq_jeremiah
D:8:      layout_basic, grunt_temple_overflow_open, uniq_maggie, uniq_pikel
D:9:      layout_basic, lemuel_crystal_altar,
          chequers_temple_overflow_statue_of_worship, hangedman_ranch
D:10:     layout_roguey, amcnicky_altar_gilded, mainiacjoe_overflow_paths,
          grunt_lair_entry_orc_guard_hut, wad_scary_box
D:11:     layout_basic
D:12:     layout_roguey, kennysheep_orc_monster_closet_entryway
D:13:     layout_big_octagon, drop_trap, uniq_kirke
D:14:     layout_stronghold, david_vaults_3, serial_shops, shop,
          ploomutoo_gammafunk_ghost_potion_laboratory
D:15:     gammafunk_enter_depths_forms, layout_loops_ring,
          nicolae_uskayaw_suspiria, grunt_ministairs_14, kb_tengu_band
Lair:1:   layout_misc_corridors, eino_small_chamber_without_monster, uniq_fannar
Lair:2:   layout_loops_ring, nicolae_shoals_entry_roost, hibernation_bobbens
Lair:3:   layout_gridlike, spider_nest_entry_web_field, serial_bayou_shore_b
Lair:4:   layout_cave_pods
Lair:5:   evilmike_catoblepas_cave, layout_cave_shapes, slime_entry_1,
          chequers_serial_rivers_micro_a, st_stairs_10,
          chequers_serial_rivers_room_a
Shoals:1: layout_shoals, serial_shops, shop
Shoals:2: layout_shoals, uniq_frances
Shoals:3: layout_shoals, serial_shops, nicolae_square_shop,
          nicolae_shoals_circle_sea_wall, lightli_airlock, uniq_bai_suzhen,
          uniq_aizul, uniq_donald
Shoals:4: shoals_end_grunt_garden, layout_shoals, nicolae_shoals_secluded_bog
Spider:1: layout_spider_delve
Spider:2: layout_cave_pods, nicolae_spider_twisty_arc_passages
Spider:3: layout_spider_delve, nicolae_spider_claw_tunnel, uniq_agnes
Spider:4: guppyfry_spider_rune, gammafunk_ghost_grave, uniq_arachne
Orc:1:    layout_diamond_mine
Orc:2:    st_orc_open, layout_caves, serial_shops, nicolae_shop_stone
Elf:1:    nicolae_elf_arrival_no_cutting_in_line, layout_gridlike, serial_shops,
          shop, kennysheep_underground_church, nicolae_elf_deep_mausoleum,
          uniq_zenata
Elf:2:    nicolae_elf_blades_splatter_lattice [grunt_blade_entry_basic],
          layout_geoelf_diagonals, serial_shops,
          nicolae_shop_overgrown_old_shop, shop_scrolls,
          nicolae_shop_tiny_statue_garden, shop, uniq_norris
Elf:3:    elf_hall_gauntlet_narrow, layout_loops_cross, grunt_ministairs_7,
          minivault_5
Vaults:1: portal_desolation_entry_holy_temple,
          nicolae_vaults_windows_and_doors_thing,
          nicolae_vaults_closet_pinwheel_2, nicolae_vaults_border_crossing,
          v_misc_25, nicolae_vaults_surprise_closet, nicolae_vaults_diamond_1,
          layout_vaults_omnigrid
Vaults:2: hangedman_vaults_river_flow, minmay_crypt_entry_necro_gods,
          hangedman_vaults_restitches, v_misc_4, v_alt_pattern_2, serial_ice_g,
          nicolae_vaults_layer_cake_slice, nicolae_vaults_yaktaur_gun_rack,
          ontoclasm_vaults_gateway, nicolae_vaults_closet_pinwheel_1,
          nicolae_vaults_little_squares_3, layout_vaults_omnicross,
          serial_shops, nicolae_shop_tiny_glass, uniq_mara
Vaults:3: vaults_room_hangedman_quadrants, v_misc_24,
          vaults_dpeg_emergency_exit, nicolae_vaults_angled_halls,
          hangedman_vaults_variations, nicolae_vaults_shrinking_rooms_2,
          grunt_vaults_hallway_long, nicolae_vaults_tangram_1,
          nicolae_vaults_three_branches, nicolae_vaults_closet_pinwheel_6,
          vaults_room_corners, v_misc_28, serial_ice_h,
          nicolae_vaults_double_plus_3, layout_vaults_maze,
          trove_entry_hex_spiral
Vaults:4: ebering_ghost_gozag, v_misc_18, dpeg_vaults_monster_row,
          vaults_room_stairs_pillars, nicolae_vaults_heart-shaped_vault,
          nicolae_vaults_theta, ontoclasm_vaults_loading_screen,
          nicolae_vaults_security_offices_2, ontoclasm_vaults_ring_small,
          hangedman_vaults_snaps, vaults_dpeg_ring,
          nicolae_vaults_mini_display_case, v_misc_16, hangedman_vaults_maws,
          layout_vaults_ring, serial_shops, nicolae_shop_pleasant_corner_grove
Crypt:1:  layout_misc_corridors, infiniplex_enter_wizlab_spiral
Crypt:2:  layout_rooms, special_room [special_room_morgue], minivault_4
Crypt:3:  church_of_pain_bobbens, layout_chaotic_city,
          nicolae_tomb_entry_unfolded_pyramid_diagonal, minivault_19,
          nicolae_danse_macabre, uniq_grunn
Tomb:1
Depths:1: layout_small_grid, pan_entry, hellmouth_1, kennysheep_boxes,
          serial_bayou_shore_b, roderic_lattice_octagonal_star
Depths:2: nooodl_glass_maze, layout_basic, enter_ziggurat_e,
          rand_demon_pan_entry_9, minmay_misc_feat_cross, hell_entry,
          nicolae_abyss_entry_one_way_or_another, infiniplex_staircase_zigzag_1
Hell
Zig:6

Skill      XL: |  1  2  3  4  5  6  7  8  9 10 11 12 13 14 15 16 17 18 19 20 21 22 23 24 |
---------------+-------------------------------------------------------------------------+-----
Ranged Weapons | 1 2 4 6 8 10 11 13 15 16 18 19 20 22 | 22.6
Axes           | 4 5 6 8 9 11 13 15 16 18 20 21 22 23 24 | 24.7
Fighting       | 4 5 6 7 8 9 11 12 13 14 16 17 18 19 20 21 22 23 | 23.6
Armour         | 4 9 12 14 16 18 20 | 20.4
Evocations     | 2 6 8 9 10 11 12 13 | 13.4
Throwing       | 4 6 7 8 9 12 13 16 | 16.5
Dodging        | 5 7 9 10 11 12 13 15 16 | 16.4
Stealth        | 2 7 |  7.8

Action                     |  1- 3 |  4- 6 |  7- 9 | 10-12 | 13-15 | 16-18 | 19-21 | 22-24 | 25-27 || total
---------------------------+-------+-------+-------+-------+-------+-------+-------+-------+-------++-------
  Melee: Hand axe          |    12 |    77 |     1 |       |       |       |       |       |       ||    90
         Headbutt          |     1 |     6 |    31 |    93 |   192 |   194 |   184 |   251 |     6 ||   958
         Morningstar       |       |       |    53 |     8 |     9 |       |       |       |       ||    70
         Quarterstaff      |       |       |    36 |       |       |       |       |       |       ||    36
         Punch             |       |       |     1 |       |     3 |       |       |       |       ||     4
         War axe           |       |       |    50 |    27 |       |       |       |       |       ||    77
         Battleaxe         |       |       |    37 |       |   239 |   770 |   664 |    80 |       ||  1790
         Broad axe         |       |       |       |   373 |   495 |       |       |       |       ||   868
         Trident           |       |       |       |       |    34 |       |       |       |       ||    34
         Dire flail        |       |       |       |       |     7 |       |       |       |       ||     7
         Executioner's axe |       |       |       |       |       |       |     6 |   851 |    16 ||   873
   Fire: Sling             |    50 |    93 |    96 |    83 |    60 |       |       |       |       ||   382
         Arbalest          |       |       |       |       |   239 |   702 |   587 |   666 |     6 ||  2200
         Orcbow            |       |       |       |       |    21 |       |       |       |       ||    21
  Throw: Dart              |       |       |     1 |     1 |       |     3 |       |       |       ||     5
         Boomerang         |       |       |     1 |     3 |    30 |    21 |     8 |    20 |       ||    83
         Javelin           |       |       |       |       |       |       |     1 |     2 |       ||     3
 Invoke: Berserk           |       |     4 |    10 |    14 |    19 |    17 |     9 |    13 |     1 ||    87
         Trog's Hand       |       |     2 |     2 |    10 |    25 |    15 |    34 |    20 |     1 ||   109
         Brothers in Arms  |       |       |       |       |       |       |       |     3 |       ||     3
  Evoke: Wand              |       |       |     4 |     3 |     2 |    18 |    14 |    16 |       ||    57
         Phial of floods   |       |       |       |       |     1 |     1 |     1 |     1 |     1 ||     5
         Condenser vane    |       |       |       |       |       |     1 |     4 |     1 |     1 ||     7
         Phantom mirror    |       |       |       |       |       |       |     1 |       |       ||     1
         Horn of Geryon    |       |       |       |       |       |       |       |     1 |       ||     1
    Use: Scroll            |     1 |     2 |     3 |    11 |    14 |     7 |    14 |     8 |     1 ||    61
         Potion            |       |       |       |     5 |     7 |     9 |    10 |     8 |     1 ||    40
   Stab: Paralysed         |       |       |       |       |       |     2 |       |     1 |       ||     3
         Distracted        |       |       |       |       |       |       |       |     1 |       ||     1
 Armour: Animal skin       |    22 |    51 |       |       |       |       |       |       |       ||    73
         Scale mail        |       |     3 |   102 |       |       |       |       |       |       ||   105
         Plate armour      |       |       |    70 |   421 |   753 |  1138 |   804 |  1195 |    57 ||  4438
  Dodge: Dodged            |    18 |    58 |   113 |   126 |   397 |   886 |   622 |   804 |    45 ||  3069
  Block: Kite shield       |       |       |    30 |   152 |   118 |       |       |       |       ||   300
         Other             |       |       |       |       |       |       |   186 |   273 |    16 ||   475
         Reflection        |       |       |       |       |       |       |    29 |    19 |       ||    48

Table legend: (Time is in decaauts)
 A = Elapsed time spent in this place.
 B = Non-inter-level travel time spent in this place.
 C = Inter-level travel time spent in this place.
 D = Time resting spent in this place.
 E = Time spent auto-exploring this place.
 F = Levels seen in this place.
 G = Mean time per level.
                   A        B        C        D        E       F      G
               +--------+--------+--------+--------+--------+-----+--------+
         Total | 105973 |  99325 |   6648 |  55535 |  29072 |  52 | 2037.9 |
       Dungeon |  22872 |  19732 |   3140 |   7529 |   9064 |  15 | 1524.8 |
          Lair |   7474 |   6510 |    964 |   2333 |   3069 |   5 | 1494.8 |
        Shoals |  10101 |   9736 |    365 |   4991 |   3071 |   4 | 2525.2 |
   Spider Nest |  12678 |  12353 |    325 |   7488 |   3612 |   4 | 3169.5 |
  Orcish Mines |   4327 |   3801 |    526 |   2344 |    935 |   2 | 2163.5 |
   Elven Halls |  15363 |  14783 |    580 |  11250 |   1859 |   3 | 5121.0 |
        Vaults |   8844 |   8358 |    486 |   2609 |   3882 |   4 | 2211.0 |
         Crypt |  10978 |  10821 |    157 |   7599 |   1942 |   3 | 3659.3 |
          Tomb |    793 |    743 |     50 |    335 |      0 |   1 |  793.0 |
        Depths |   6918 |   6893 |     25 |   5025 |   1178 |   2 | 3459.0 |
          Hell |   2938 |   2912 |     26 |   2284 |    330 |   1 | 2938.0 |
         Abyss |    315 |    315 |      0 |    117 |      0 |   1 |  315.0 |
      Ziggurat |    639 |    639 |      0 |    435 |      5 |   6 |  106.5 |
        Wizlab |   1727 |   1727 |      0 |   1192 |    122 |   1 | 1727.0 |
               +--------+--------+--------+--------+--------+-----+--------+

Top non-repeatable levels by time:
   Elf:3: 10603 daAuts
 Crypt:3: 5343 daAuts
Depths:1: 5168 daAuts
Spider:4: 4563 daAuts
 Crypt:2: 4357 daAuts
Shoals:4: 3511 daAuts
   Orc:2: 3418 daAuts
   Elf:1: 3337 daAuts
Shoals:3: 3130 daAuts
  Lair:5: 2998 daAuts
    Hell: 2938 daAuts
Spider:3: 2851 daAuts
Vaults:1: 2837 daAuts
    D:10: 2698 daAuts
Spider:1: 2663 daAuts
